| TOP OF THE 1ST |
|
Milwaukee Otters batting - Pitching for Asheville Moonshiners : LHP Matt Beech
|
|
Pitching: LHP Matt Beech
|
|
|
Batting: RHB Chris Sabo
|
0-0: Ball 1-0: Ball 2-0: Bunt missed! 2-1: Called Strike 2-2: Reached on error, E8 (Line Drive, 8RM, EV 91.9 MPH)
|
|
Batting: LHB Deion Sanders
|
0-0: Called Strike 0-1: Ball 1-1: Ball 2-1: Called Strike 2-2: Foul Ball, location: 2F 2-2: Strikes out looking and he ARGUES THE CALL AND IS TOSSED!
|
|
Batting: RHB Joe Vitiello
|
0-0: Ball 1-0: Swinging Strike 1-1: Foul Ball, location: 2F 1-2: Fly out, F9 (Flyball, 9S, EV 94.4 MPH)
|
|
Batting: RHB Cal Ripken Jr.
|
0-0: Ball 1-0: Called Strike 1-1: Ball 2-1: Called Strike 2-2: Foul Ball, location: 2F 2-2: Ball 3-2: Strikes out looking
|
| Top of the 1st over - 0 runs, 0 hits, 1 error, 1 left on base; Milwaukee 0 - Asheville 0 |
| BOTTOM OF THE 1ST |
|
Asheville Moonshiners batting - Pitching for Milwaukee Otters : LHP Allen Watson
|
|
Pitching: LHP Allen Watson
|
|
|
Now in CF: Oddibe McDowell
|
|
|
Batting: SHB Wilton Guerrero
|
0-0: Ball 1-0: Foul Ball, location: 2F 1-1: Ball 2-1: Called Strike 2-2: Strikes out swinging
|
|
Batting: RHB Yamil Benitez
|
0-0: Ball 1-0: Ground out 5-3 (Groundball, 56, EV 106.9 MPH)
|
|
Batting: RHB Chris Stynes
|
0-0: Foul Ball, location: 2F 0-1: Ball 1-1: Foul Ball, location: 2F 1-2: Ball 2-2: SINGLE (Line Drive, 78S, EV 96.9 MPH)
|
|
Batting: RHB Kevin L Brown
|
0-0: Ball 1-0: Ball 2-0: Foul Ball, location: 2F 2-1: Ball 3-1: Foul Ball, location: 2F 3-2: Fly out, F9 (Flyball, 9D, EV 98.8 MPH)
|
| Bottom of the 1st over - 0 runs, 1 hit, 0 errors, 1 left on base; Milwaukee 0 - Asheville 0 |
| TOP OF THE 2ND |
|
Milwaukee Otters batting - Pitching for Asheville Moonshiners : LHP Matt Beech
|
|
Batting: LHB Brady Anderson
|
0-0: Ball 1-0: Ball 2-0: Called Strike 2-1: SINGLE (Groundball, 34D, EV 95.0 MPH)
|
|
Batting: LHB Frank Catalanotto
|
0-0: Swinging Strike 0-1: Ball 1-1: Foul Ball, location: 2F 1-2: Foul Ball, location: 2F 1-2: Ball 2-2: SINGLE (Line Drive, 4D, EV 98.1 MPH) Brady Anderson to second Runner from 2nd tries for 3rd, SAFE, no throw by CF
|
|
Batting: SHB Desi Relaford
|
0-0: Called Strike 0-1: Foul Ball, location: 2F 0-2: Ball 1-2: Ball 2-2: Fly out, F7 (Flyball, 7, EV 81.9 MPH) Runner from 3rd tags up, OUT at HOME! 7-2 Frank Catalanotto to second
|
|
Batting: RHB Robby Thompson
|
0-0: Called Strike 0-1: Swinging Strike 0-2: Ground out U3 (Groundball, 3, EV 93.1 MPH)
|
| Top of the 2nd over - 0 runs, 2 hits, 0 errors, 1 left on base; Milwaukee 0 - Asheville 0 |
| BOTTOM OF THE 2ND |
|
Asheville Moonshiners batting - Pitching for Milwaukee Otters : LHP Allen Watson
|
|
Batting: LHB Randall Simon
|
0-0: Ball 1-0: Ball 2-0: Ball 3-0: Foul Ball, location: 2F 3-1: Ground out 4-3 (Groundball, 4, EV 83.1 MPH)
|
|
Batting: LHB Billy McMillon
|
0-0: Ball 1-0: Ball 2-0: SOLO HOME RUN (Flyball, 9D, EV 101.3 MPH), Distance : 363 ft
|
|
Batting: RHB Deivi Cruz
|
0-0: Swinging Strike 0-1: Foul Ball, location: 2F 0-2: SOLO HOME RUN (Flyball, 78XD, EV 85.0 MPH), Distance : 406 ft
|
|
Batting: LHB Darren Bragg
|
0-0: Called Strike 0-1: Called Strike 0-2: Ball 1-2: Foul Ball, location: 2F 1-2: Foul Ball, location: 2F 1-2: Strikes out looking
|
|
Batting: LHB Koichi Sekikawa
|
0-0: Ball 1-0: Fly out, F8 (Flyball, 89D, EV 91.3 MPH)
|
| Bottom of the 2nd over - 2 runs, 2 hits, 0 errors, 0 left on base; Milwaukee 0 - Asheville 2 |
| TOP OF THE 3RD |
|
Milwaukee Otters batting - Pitching for Asheville Moonshiners : LHP Matt Beech
|
|
Batting: RHB Tony Graffanino
|
0-0: Ball 1-0: Ball 2-0: Called Strike 2-1: Foul Ball, location: 2F 2-2: Ball 3-2: Foul Ball, location: 2F 3-2: Reached on error, E6 (Groundball, 6, EV 102.5 MPH)
|
|
Batting: RHB Chris Sabo
|
0-0: Called Strike 0-1: Called Strike 0-2: Ball 1-2: Ball 2-2: Strikes out swinging
|
|
Batting: LHB Oddibe McDowell
|
0-0: Ball 1-0: Called Strike 1-1: Reached on error, E3 (Groundball, 3L, EV 89.4 MPH) Tony Graffanino to third
|
|
Batting: RHB Joe Vitiello
|
0-0: Ball 1-0: Called Strike 1-1: Ball 2-1: Fly out, F7 (Line Drive, 7D, EV 95.0 MPH) Runner from 3rd tags up, SCORES, no throw by LF
|
|
Batting: RHB Cal Ripken Jr.
|
0-0: Called Strike 0-1: Ball Oddibe McDowell steals 2nd base (no throw) 1-1: Fly out, F9 (Line Drive, 9D, EV 83.8 MPH)
|
| Top of the 3rd over - 1 run, 0 hits, 2 errors, 1 left on base; Milwaukee 1 - Asheville 2 |
| BOTTOM OF THE 3RD |
|
Asheville Moonshiners batting - Pitching for Milwaukee Otters : LHP Allen Watson
|
|
Batting: SHB Wilton Guerrero
|
0-0: Fly out, F2 (Popup, 23F, EV 80.6 MPH)
|
|
Batting: RHB Yamil Benitez
|
0-0: Foul Ball, location: 2F 0-1: Called Strike 0-2: Ball 1-2: DOUBLE (Line Drive, 89XD, EV 96.9 MPH)
|
|
Batting: RHB Chris Stynes
|
0-0: Ball 1-0: Ball Passed Ball! Yamil Benitez to third 2-0: Ball 3-0: Called Strike 3-1: Foul Ball, location: 2F 3-2: Ground out 4-3 (Groundball, 34D, EV 105.0 MPH) Yamil Benitez scores
|
|
Batting: RHB Kevin L Brown
|
0-0: Called Strike 0-1: Fly out, F8 (Flyball, 8LXD, EV 109.4 MPH)
|
| Bottom of the 3rd over - 1 run, 1 hit, 0 errors, 0 left on base; Milwaukee 1 - Asheville 3 |
| TOP OF THE 4TH |
|
Milwaukee Otters batting - Pitching for Asheville Moonshiners : LHP Matt Beech
|
|
Batting: LHB Brady Anderson
|
0-0: Foul Ball, location: 2F 0-1: Ball 1-1: DOUBLE (Line Drive, 7LM, EV 96.9 MPH)
|
|
Batting: LHB Frank Catalanotto
|
0-0: Ball 1-0: Foul Ball, location: 2F 1-1: SINGLE (Groundball, 6, EV 104.4 MPH) (infield hit) Brady Anderson to third
|
|
Batting: SHB Desi Relaford
|
0-0: Ball 1-0: Called Strike 1-1: Called Strike 1-2: Foul Ball, location: 2F 1-2: Ball 2-2: Foul Ball, location: 2F 2-2: Strikes out looking
|
|
Batting: RHB Robby Thompson
|
0-0: Foul Ball, location: 2F 0-1: Foul Ball, location: 2F 0-2: Foul Ball, location: 2F 0-2: Ball 1-2: SINGLE (Groundball, 4MD, EV 105.0 MPH) Brady Anderson scores Frank Catalanotto to second
|
|
Batting: RHB Tony Graffanino
|
0-0: Ball 1-0: Called Strike 1-1: SINGLE (Groundball, 6D, EV 95.6 MPH) Frank Catalanotto to third Robby Thompson to second
|
|
Batting: RHB Chris Sabo
|
0-0: Foul Ball, location: 2F 0-1: DOUBLE (Line Drive, 3D, EV 93.8 MPH) Frank Catalanotto scores Robby Thompson scores Tony Graffanino to third Runner from 3rd tries for Home, SAFE, throw by RF to trailing runner, OUT at third! 9-4-5
|
|
Batting: LHB Oddibe McDowell
|
0-0: Called Strike 0-1: Ground out 4-3 (Groundball, 4, EV 100.0 MPH)
|
| Top of the 4th over - 4 runs, 5 hits, 0 errors, 0 left on base; Milwaukee 5 - Asheville 3 |
| BOTTOM OF THE 4TH |
|
Asheville Moonshiners batting - Pitching for Milwaukee Otters : LHP Allen Watson
|
|
Batting: LHB Randall Simon
|
0-0: Called Strike 0-1: Fly out, F8 (Flyball, 8RS, EV 96.9 MPH)
|
|
Batting: LHB Billy McMillon
|
0-0: Ball 1-0: Called Strike 1-1: Foul Ball, location: 2F 1-2: Strikes out swinging
|
|
Batting: RHB Deivi Cruz
|
0-0: SINGLE (Groundball, 6D, EV 103.1 MPH)
|
|
Batting: LHB Darren Bragg
|
0-0: Ball 1-0: Fly out, F2 (Popup, 2LF, EV 91.9 MPH)
|
| Bottom of the 4th over - 0 runs, 1 hit, 0 errors, 1 left on base; Milwaukee 5 - Asheville 3 |
| TOP OF THE 5TH |
|
Milwaukee Otters batting - Pitching for Asheville Moonshiners : LHP Matt Beech
|
|
Batting: RHB Joe Vitiello
|
0-0: Foul Ball, location: 2F 0-1: Swinging Strike 0-2: Strikes out swinging
|
|
Batting: RHB Cal Ripken Jr.
|
0-0: Swinging Strike 0-1: Swinging Strike 0-2: Strikes out looking
|
|
Batting: LHB Brady Anderson
|
0-0: Foul Ball, location: 2F 0-1: Ball 1-1: Foul Ball, location: 2F 1-2: Foul Ball, location: 2F 1-2: SINGLE (Line Drive, 34, EV 103.8 MPH)
|
|
Batting: LHB Frank Catalanotto
|
0-0: Ball 1-0: Foul Ball, location: 2F 1-1: Ball 2-1: Ball 3-1: Fly out, F9 (Flyball, 9LM, EV 92.5 MPH)
|
| Top of the 5th over - 0 runs, 1 hit, 0 errors, 1 left on base; Milwaukee 5 - Asheville 3 |
| BOTTOM OF THE 5TH |
|
Asheville Moonshiners batting - Pitching for Milwaukee Otters : LHP Allen Watson
|
|
Batting: LHB Koichi Sekikawa
|
0-0: Ball 1-0: Ball 2-0: Swinging Strike 2-1: Ball 3-1: Foul Ball, location: 2F 3-2: Ground out 3-1 (Groundball, 3D, EV 85.0 MPH)
|
|
Batting: SHB Wilton Guerrero
|
0-0: Fly out, F7 (Flyball, 78M, EV 91.3 MPH)
|
|
Batting: RHB Yamil Benitez
|
0-0: Ball 1-0: Foul Ball, location: 2F 1-1: Foul Ball, location: 2F 1-2: Fly out, F3 (Popup, 34, EV 69.4 MPH)
|
| Bottom of the 5th over - 0 runs, 0 hits, 0 errors, 0 left on base; Milwaukee 5 - Asheville 3 |
| TOP OF THE 6TH |
|
Milwaukee Otters batting - Pitching for Asheville Moonshiners : LHP Matt Beech
|
|
Pitching: LHP Chris Howard
|
|
|
Batting: SHB Desi Relaford
|
0-0: Called Strike 0-1: Fly out, F9 (Flyball, 9LSF, EV 99.4 MPH)
|
|
Batting: RHB Robby Thompson
|
0-0: Called Strike 0-1: Ball 1-1: Swinging Strike 1-2: Hit by Pitch
|
|
Batting: RHB Tony Graffanino
|
0-0: Ball 1-0: Ball 2-0: Grounds into double play, 6-4-3 (Groundball, 6, EV 102.5 MPH)
|
| Top of the 6th over - 0 runs, 0 hits, 0 errors, 0 left on base; Milwaukee 5 - Asheville 3 |
| BOTTOM OF THE 6TH |
|
Asheville Moonshiners batting - Pitching for Milwaukee Otters : LHP Allen Watson
|
|
Batting: RHB Chris Stynes
|
0-0: Ground out U3 (Groundball, 34S, EV 88.8 MPH)
|
|
Batting: RHB Kevin L Brown
|
0-0: SINGLE (Groundball, 6, EV 78.1 MPH) (infield hit)
|
|
Batting: LHB Randall Simon
|
0-0: Called Strike 0-1: Grounds into double play, 5-4-3 (Groundball, 5, EV 81.9 MPH)
|
| Bottom of the 6th over - 0 runs, 1 hit, 0 errors, 0 left on base; Milwaukee 5 - Asheville 3 |
| TOP OF THE 7TH |
|
Milwaukee Otters batting - Pitching for Asheville Moonshiners : LHP Chris Howard
|
|
Batting: RHB Chris Sabo
|
0-0: Ball 1-0: Foul Ball, location: 2F 1-1: Ball 2-1: Ball 3-1: Base on Balls
|
|
Batting: LHB Oddibe McDowell
|
0-0: Ball 1-0: Swinging Strike 1-1: Ball 2-1: Called Strike 2-2: Ball 3-2: SINGLE (Line Drive, 7LS, EV 100.0 MPH) Chris Sabo to second
|
|
Batting: RHB Joe Vitiello
|
0-0: Ball 1-0: Ball 2-0: Grounds into double play, 6-4-3 (Groundball, 6, EV 85.6 MPH) Chris Sabo to third
|
|
Batting: RHB Cal Ripken Jr.
|
0-0: Ball 1-0: Foul Ball, location: 2F 1-1: Fly out, F7 (Flyball, 78S, EV 88.8 MPH)
|
| Top of the 7th over - 0 runs, 1 hit, 0 errors, 1 left on base; Milwaukee 5 - Asheville 3 |
| BOTTOM OF THE 7TH |
|
Asheville Moonshiners batting - Pitching for Milwaukee Otters : LHP Allen Watson
|
|
Batting: LHB Billy McMillon
|
0-0: Ground out U3 (Groundball, 34, EV 101.9 MPH)
|
|
Batting: RHB Deivi Cruz
|
0-0: Ball 1-0: Ball 2-0: Foul Ball, location: 2F 2-1: Ball 3-1: Ground out 4-3 (Groundball, 34, EV 84.4 MPH)
|
|
Batting: LHB Darren Bragg
|
0-0: Ball 1-0: Ground out 4-3 (Groundball, 4, EV 83.8 MPH)
|
| Bottom of the 7th over - 0 runs, 0 hits, 0 errors, 0 left on base; Milwaukee 5 - Asheville 3 |
| TOP OF THE 8TH |
|
Milwaukee Otters batting - Pitching for Asheville Moonshiners : LHP Chris Howard
|
|
Batting: LHB Brady Anderson
|
0-0: Called Strike 0-1: Foul Ball, location: 2F 0-2: Ground out 6-3 (Groundball, 6, EV 93.8 MPH)
|
|
Batting: LHB Frank Catalanotto
|
0-0: Ground out U3 (Groundball, 34, EV 101.3 MPH)
|
|
Batting: SHB Desi Relaford
|
0-0: Foul Ball, location: 2F 0-1: Foul Ball, location: 2F 0-2: Ball 1-2: Ball 2-2: Foul Ball, location: 2F 2-2: Ground out 4-3 (Groundball, 4, EV 78.8 MPH)
|
| Top of the 8th over - 0 runs, 0 hits, 0 errors, 0 left on base; Milwaukee 5 - Asheville 3 |
| BOTTOM OF THE 8TH |
|
Asheville Moonshiners batting - Pitching for Milwaukee Otters : LHP Allen Watson
|
|
Batting: LHB Koichi Sekikawa
|
0-0: Ball 1-0: Called Strike 1-1: Ball 2-1: Foul Ball, location: 2F 2-2: Ball 3-2: Foul Ball, location: 2F 3-2: Fly out, F9 (Flyball, 9LS, EV 78.8 MPH)
|
|
Batting: SHB Wilton Guerrero
|
0-0: SINGLE (Groundball, 34D, EV 106.3 MPH)
|
|
Batting: RHB Yamil Benitez
|
0-0: Called Strike 0-1: Swinging Strike 0-2: 2-RUN HOME RUN (Flyball, 7D, EV 102.5 MPH), Distance : 381 ft
|
|
Batting: RHB Chris Stynes
|
0-0: Ball 1-0: SINGLE (Groundball, 4MD, EV 95.0 MPH)
|
|
Batting: RHB Kevin L Brown
|
0-0: Called Strike 0-1: Ball 1-1: Ball 2-1: Ball 3-1: SINGLE (Groundball, 4MD, EV 93.8 MPH) Chris Stynes to second
|
|
Batting: LHB Randall Simon
|
0-0: Ball 1-0: SINGLE (Line Drive, 7S, EV 106.9 MPH) Chris Stynes to third Kevin L Brown to second
|
|
Batting: LHB Billy McMillon
|
0-0: SINGLE (Groundball, 6, EV 98.1 MPH) (infield hit) Chris Stynes scores Kevin L Brown to third Randall Simon to second
|
|
Batting: RHB Deivi Cruz
|
0-0: Ball 1-0: Ball Passed Ball! Kevin L Brown scores Randall Simon to third Billy McMillon to second 2-0: Foul Ball, location: 7LSF, Error on foul ball, E7 2-1: Ball 3-1: SINGLE (Line Drive, 8RS, EV 91.3 MPH) Randall Simon scores Billy McMillon to third Runner from 3rd tries for Home, SAFE, throw by CF to home Deivi Cruz to second
|
|
Pitching: RHP Dan Miceli
|
|
|
Batting: LHB Darren Bragg
|
0-0: Swinging Strike 0-1: Ball 1-1: Swinging Strike 1-2: Ball 2-2: Foul Ball, location: 2F 2-2: Ball 3-2: Foul Ball, location: 2F 3-2: SINGLE (Groundball, 4MD, EV 100.0 MPH) Deivi Cruz to third Runner from 3rd tries for Home, SAFE, throw by CF to home Darren Bragg to second
|
|
Batting: LHB Koichi Sekikawa
|
0-0: Ball 1-0: Ball 2-0: Swinging Strike 2-1: Ball 3-1: Ground out 4-3 (Groundball, 4, EV 103.1 MPH) Darren Bragg to third
|
|
Batting: SHB Wilton Guerrero
|
0-0: Called Strike 0-1: Fly out, F8 (Flyball, 8LM, EV 85.0 MPH)
|
| Bottom of the 8th over - 7 runs, 8 hits, 1 error, 1 left on base; Milwaukee 5 - Asheville 10 |
| TOP OF THE 9TH |
|
Milwaukee Otters batting - Pitching for Asheville Moonshiners : LHP Chris Howard
|
|
Batting: RHB Robby Thompson
|
0-0: Ground out 6-3 (Groundball, 6, EV 82.5 MPH)
|
|
Batting: RHB Tony Graffanino
|
0-0: Ball 1-0: Called Strike 1-1: Fly out, F5 (Line Drive, 5, EV 71.9 MPH)
|
|
Batting: RHB Chris Sabo
|
0-0: Called Strike 0-1: Ball 1-1: Ball 2-1: Ball 3-1: Base on Balls
|
|
Pitching: RHP Mike Draper
|
|
|
Batting: LHB Oddibe McDowell
|
0-0: Foul Ball, location: 2F 0-1: Swinging Strike 0-2: Strikes out swinging
|
| Top of the 9th over - 0 runs, 0 hits, 0 errors, 1 left on base; Milwaukee 5 - Asheville 10 |
|